[Event "Prague Festival Masters 2024"]
[Site "Prague"]
[Date "2024.03.06"]
[Round "8.5"]
[White "Abdusattorov, Nodirbek"]
[Black "Maghsoodloo, Parham"]
[Result "1-0"]
[ECO "B90"]
[WhiteElo "2727"]
[BlackElo "2740"]
[Annotator "TA"]
[PlyCount "135"]
[EventDate "2024.02.22"]
[EventType "tourn"]
[EventCountry "CZE"]
[SourceTitle "playchess.com"]
[Source "ChessBase"]
[SourceQuality "1"]
[TimeControl "40/5400+30:1800+30"]

1. e4 c5 2. Nf3 d6 3. d4 cxd4 4. Nxd4 Nf6 5. Nc3 a6 6. h3 e5 7. Nb3 Be7 8. Be3 Be6 9. Qf3 Nbd7 {[%emt 0:01:11][%cal Bb8d7,Bd7f8,Bf8g6,Bg6h4][%mdl 32] Die Stellung ist ausgeglichen.} 10. g4 h6 11. O-O-O Rc8 12. Nd5 Nf8 13. Bd3 Ng6 {[%emt 0:25:35] Und jetzt ...Bxd5 wäre schön.} 14. Rhe1 Nd7 15. Kb1 Bg5 16. c4 O-O 17. Bf1 Nh4 18. Bxg5 hxg5 19. Qd3 Ng6 20. Ne3 Rc6 21. Qd2 b6 {[%emt 0:03:33] Es drohte Na5} 22. Nd5 (22. Nf5 $14) 22... a5 $11 23. a4 Nf4 24. Re3 g6 25. Nc3 Nf6 26. f3 Kh7 27. Nd5 Kg7 28. h4 Bxd5 (28... gxh4 29. Nxf4 exf4 30. Ree1 $11 (30. Rc3 Nd7 $11)) 29. cxd5 (29. exd5 Rc7 30. hxg5 Nd7 $15) 29... Rc8 30. hxg5 Nh7 ({Vorzuziehen ist} 30... Nd7 $1 $11) 31. Ba6 $14 Rc7 32. Rc1 Rxc1+ 33. Qxc1 Nxg5 34. Qc6 ({Besser ist} 34. Ka2 $14) 34... Ng2 {[%emt 0:01:23] Hervorragende Reitkunst.} 35. Rc3 Ne1 36. Nd2 Rh8 37. Re3 Rh2 38. Nf1 Nc2 {[%emt 0:03:52] ...Rf2 ist eine echte Drohung.} (38... Nexf3 39. Nxh2 Nxh2 40. Be2) 39. Rc3 Nb4 40. Nxh2 Nxc6 41. dxc6 Ne6 42. Bc4 {[%emt 0:00:00] Droht Bxe6 und aus.} Nc7 43. Nf1 Qe8 44. Bd5 b5 45. Ne3 (45. axb5 $11 {war der einzige Weg, das Gleichgewicht zu halten.} Nxb5 46. Rb3) 45... bxa4 $17 46. Rc2 Qb8 $2 (46... a3 $19 {Zielt auf ...Qa8 ab.} 47. Ka2 Kh6) 47. Bc4 $1 $11 a3 48. Nd5 Ne6 49. b3 {[%emt 0:00:00][%mdl 8192] [#]} (49. g5 $11) 49... Nd4 $2 (49... Qa7 $1 $19 50. Nc3 Qb6) 50. c7 Qh8 51. Rd2 $1 Qh1+ 52. Ka2 {[%emt 0:00:00] Aktives Gegenspiel!} Qc1 $1 53. Rh2 (53. c8=R Qxd2+ 54. Kxa3 Qc1+ (54... Nxf3 $2 55. Ka4 $19) 55. Ka2 Nc2 (55... Nxf3 $2 56. Ne7 $19) (55... Nxf3 $2 56. Ne7 $19)) (53. Rf2 $5 a4 $8 54. g5 $11) 53... a4 (53... Nxf3 $2 54. Rf2 (54. c8=Q Nxh2) 54... Nd2 55. Rxd2 (55. Rxf7+ Kh6) 55... Qxd2+ 56. Kxa3 $18) 54. g5 Nxf3 (54... axb3+ $2 55. Bxb3 Nxf3 56. Rc2 $18) 55. Rf2 {[%emt 0:00:00] Schach mit Chili.} (55. c8=R Nxh2 (55... axb3+ $2 56. Kxb3 Nxh2 57. Nc7 $19) (55... axb3+ $2 56. Kxb3 Nxh2 57. Nf6 $19)) 55... axb3+ (55... Nxg5 $2 56. c8=Q (56. c8=B $2 Nxe4 57. Rg2 Nc5 $19) 56... axb3+ 57. Kxb3 Qb1+ 58. Kxa3 Qa1+ 59. Kb3 (59. Ba2 Qe1 $18) 59... Qb1+ 60. Ka4 Qd1+ 61. Kb5 Qb1+ 62. Nb4 $18) 56. Bxb3 Nd2 (56... Nxg5 57. Rc2 Qg1 58. c8=Q $18 (58. c8=N $2 Nxe4 59. Kxa3 f5 $19)) 57. Rxd2 Qxd2+ 58. Kxa3 Qa5+ $2 (58... Qxg5 $2 59. c8=Q $18 (59. c8=R $2 f5 $19)) (58... Qc1+ $11 {und Schwarz steht sicher.} 59. Ka2 Qc5 (59... Qxg5 $2 60. c8=Q $18)) 59. Ba4 $18 Qa6 (59... Qc5+ $2 60. Kb3 $18) 60. Kb4 {[%emt 0:00:13] Und Bd7 würde nun gewinnen.} Qb7+ 61. Bb5 Kh7 $2 (61... f5 $11 62. gxf6+ Kf8) 62. Kc4 {[%emt 0:00:59] Droht stark Bd7.} Kg7 63. Bd7 Qa6+ 64. Kb3 Qb7+ 65. Kc2 Qa6 66. c8=Q (66. c8=R Qa2+ (66... Qe2+ 67. Kb3 $11) 67. Kc3 Qa3+ 68. Kc4 Qc1+ 69. Kb5 Qxg5 $17) 66... Qe2+ 67. Kb3 {[%emt 0:00:07] Weiss droht Nc3 und Matt.} Qxe4 {[%emt 0:00:15] [#]} 68. Qg8+ {[%emt 0:00:34] Weiß hat das Spiel gedreht.   Gewichteter Fehlerwert: Weiß=0.25 (präzise) /Schwarz=0.29 (präzise) .  Verlustzug:     	Weiß=1     	Schwarz=2     Gewinn verpasst:   	---       	Schwarz=2     Fehler:       	Weiß=3     	Schwarz=1     Ungenau:       	Weiß=2     	Schwarz=4     OK:         	Weiß=23    	Schwarz=25    Bester:       	Weiß=5     	Schwarz=6     Stark:        	Weiß=2     	Schwarz=1} 1-0

[Event "Prague Festival Masters 2024"]
[Site "Prague"]
[Date "2024.03.07"]
[Round "9.1"]
[White "Keymer, Vincent"]
[Black "Bartel, Mateusz"]
[Result "1/2-1/2"]
[ECO "D35"]
[WhiteElo "2743"]
[BlackElo "2657"]
[Annotator "TA"]
[PlyCount "82"]
[EventDate "2024.02.22"]
[EventType "tourn"]
[EventCountry "CZE"]
[SourceTitle "playchess.com"]
[Source "ChessBase"]
[SourceQuality "1"]
[TimeControl "40/5400+30:1800+30"]

1. d4 d5 2. c4 e6 3. Nf3 Nf6 4. Nc3 Be7 5. cxd5 exd5 6. h3 {[%emt 0:00:04] D35: Queen's Gambit Declined: Exchange Variation.} Bf5 $146 ({Predecessor:} 6... c6 7. Bf4 Bd6 8. e3 Bf5 9. Ne5 Ne4 10. Qb3 Qb6 11. g4 Be6 12. Nxe4 dxe4 13. Nc4 Qb4+ 14. Qxb4 Bxb4+ {0-1 Shankland,S (2709)-Nakamura,H (2736) Saint Louis Blitz 2021 (4)}) 7. g4 Be6 8. Ng5 Bc8 9. Bf4 h5 10. Rg1 (10. Qd2 $14) 10... hxg4 $15 11. hxg4 Nxg4 (11... Bxg4 12. f3 Bh5 13. Qb3 $11) 12. Qd2 f6 13. Nf3 Bf5 14. e3 Qd7 $1 15. Bd3 Na6 16. Qe2 g5 $1 17. Bg3 Nh6 (17... Bxd3 $17 18. Qxd3 O-O-O) 18. O-O-O (18. Bxa6 $15 bxa6 19. Nd2) 18... Bxd3 $17 19. Qxd3 Nf5 20. a3 O-O-O 21. Ne2 Bd6 22. Nd2 c6 23. Nb3 Rh3 24. Kb1 Re8 25. Ka2 Qh7 26. Rh1 {[%emt 0:03:07] [#]} Rxh1 (26... Nxg3 27. Qxh7 Rxh7 28. Rxh7 Nxe2 29. Rhh1) (26... Bc7 $1 $17 27. Rxh3 Qxh3) 27. Rxh1 $11 Qd7 (27... Qxh1 $2 {is the wrong capture.} 28. Qxf5+ Kc7 29. Qxf6 (29. Bxd6+ Kxd6 30. Qxf6+ Kd7 $11) 29... Bxg3 30. Qf7+ Kd8 31. Nxg3 $18) 28. Bxd6 $1 Nxd6 29. Rh7 Qf5 30. Qxf5+ Nxf5 31. Rf7 Re6 32. Nc5 {[%emt 0:03:20] [#]} (32. Rf8+ $11 {keeps the balance.} Kc7 33. Rf7+ Kc8 34. Nc5) 32... Nxc5 ({Better is} 32... Nd6 $1 $17 {aiming for ...Nxc5.} 33. Rf8+ Re8 34. Rxf6 Nxc5 35. dxc5 Ne4) 33. dxc5 $11 b6 34. b4 bxc5 35. bxc5 d4 36. Nxd4 Nxd4 37. exd4 Re2+ 38. Kb3 Rxf2 39. Rxa7 g4 40. Rg7 f5 41. Kb4 Rb2+ 1/2-1/2

[Event "Prague Festival Masters 2024"]
[Site "Prague"]
[Date "2024.03.07"]
[Round "9.2"]
[White "Maghsoodloo, Parham"]
[Black "Gukesh D"]
[Result "1/2-1/2"]
[ECO "E11"]
[WhiteElo "2740"]
[BlackElo "2725"]
[Annotator "TA"]
[PlyCount "125"]
[EventDate "2024.02.22"]
[EventType "tourn"]
[EventCountry "CZE"]
[SourceTitle "playchess.com"]
[Source "ChessBase"]
[SourceQuality "1"]
[TimeControl "40/5400+30:1800+30"]

1. d4 Nf6 2. c4 e6 3. Nf3 d5 4. g3 Bb4+ 5. Bd2 Be7 6. Bg2 O-O 7. O-O c6 8. b3 b6 9. Bc1 Nbd7 10. Bb2 a5 11. Qc2 Ba6 12. Nbd2 c5 13. Rac1 Rc8 14. Qb1 dxc4 15. Nxc4 b5 16. Nce5 Nxe5 17. Nxe5 Qb6 18. Rc2 Rc7 19. dxc5 Bxc5 20. Nd3 Bd6 21. Rxc7 Qxc7 22. Rc1 Qe7 23. Ne5 Bb7 24. Bxb7 Bxe5 25. Bc6 Bxb2 26. Qxb2 b4 27. Qe5 Qd8 28. Rc4 h6 29. Kg2 Qb6 30. Bf3 $1 Qd8 31. Rd4 (31. Rc7 $142) 31... Qb6 $16 32. Rc4 (32. Rd6 $142 $1 Qb8 33. Qd4) 32... Qd8 $1 $16 33. Rc6 Re8 34. Ra6 Nd5 35. e3 Re7 36. Qd4 Rd7 37. Qc5 Rc7 (37... g5 $16) 38. Qxa5 $18 Nxe3+ $2 (38... Kh7 {was worth a try.}) 39. fxe3 $18 Rc2+ 40. Kh3 Qd3 {[%emt 0:00:06] [#]} 41. Ra7 $2 (41. Ra8+ $1 $18 Kh7 42. Rh8+ (42. Qxb4 Qf1+ 43. Kg4 f5+ 44. Kf4 e5+ 45. Kxe5 Qxf3 $19) 42... Kxh8 43. Qa8+ (43. Qxb4 $2 Qf1+ 44. Kg4 f5+ 45. Kf4 Rf2 $19) 43... Rc8 44. Qxc8+ Kh7 45. Qc7 Qf1+ 46. Bg2 Qf5+ 47. g4) 41... Qf1+ $11 (41... Qxe3 $2 42. Qd8+ Kh7 43. Rxf7 $18) 42. Kg4 Rf2 ({Black should play} 42... Qd3 $11 43. Qe5 (43. Qxb4 $2 Qf5+ 44. Kh4 Rxh2#) 43... Rf2) 43. Qd8+ $14 Kh7 44. Rxf7 h5+ {[%emt 0:00:09] [#]} (44... Kg6 45. Rf6+ Kh7 46. Be4+ (46. Rxe6 Rxf3 47. Qd5 Rf8 $16) (46. Rxe6 Rxf3 47. Qd5 Rf8 $14)) 45. Kxh5 ({White should try} 45. Kh4 $1 $16 {White threatens Be4+ and mate.} Rxf3 46. Rxf3 Qxf3 47. Qg5) 45... Rxf3 $14 46. Rf4 (46. Rxf3 {simplifies} Qxf3+ 47. Kh4 Qxe3 48. Qg5) 46... e5 $1 47. Rxf3 (47. Rxb4 $2 {gets mated.} Qh3+ (47... Rxe3 48. Kg5 $16) 48. Rh4 Qf5+ 49. Qg5 g6#) (47. Rh4 Rxg3 48. Rg4 Qf5+ (48... Rxe3 49. Rxg7+ Kxg7 50. Qg5+ Kf8 51. Qh6+ Ke8 52. Qxe3 $11) (48... g6+ $2 49. Kh4 Rh3+ 50. Kg5 Rh5#) 49. Qg5 Rh3+ 50. Rh4 g6#) 47... Qxf3+ 48. Kg5 Qxe3+ 49. Kf5 Qf3+ (49... Qf2+ $1 $11 50. Kxe5 Qe3+ 51. Kd6 Qd2+ 52. Kc7 Qxh2) 50. Kxe5 $14 Qe2+ 51. Kf5 Qf2+ $1 52. Ke6 Qe2+ (52... Qxh2 $11 53. Qd3+ (53. Qh4+ Qxh4 54. gxh4 Kg6 $11) 53... Kh8) 53. Kf5 (53. Kd7 $14) 53... Qf2+ $11 54. Ke6 (54. Ke4 $11) 54... Qe2+ $14 55. Kd7 Qxh2 56. Qh4+ (56. Qb8 $14) 56... Qxh4 $11 57. gxh4 Kg6 58. Ke6 (58. Kc6 $5 Kh5 $8 59. Kb5 Kxh4 60. Kxb4 $11) 58... Kh5 59. Kf7 Kxh4 60. Kxg7 (60. Kg6 $5) 60... Kg5 61. Kf7 Kf5 $1 62. Ke7 Ke5 63. Kd7 1/2-1/2

[Event "Prague Festival Masters 2024"]
[Site "Prague"]
[Date "2024.03.07"]
[Round "9.3"]
[White "Praggnanandhaa R"]
[Black "Navara, David"]
[Result "1/2-1/2"]
[ECO "A29"]
[WhiteElo "2743"]
[BlackElo "2679"]
[Annotator "TA"]
[PlyCount "118"]
[EventDate "2024.02.22"]
[EventType "tourn"]
[EventCountry "CZE"]
[SourceTitle "playchess.com"]
[Source "ChessBase"]
[SourceQuality "1"]
[TimeControl "40/5400+30:1800+30"]

1. c4 Nf6 2. Nc3 e5 3. Nf3 Nc6 4. g3 d5 5. cxd5 Nxd5 6. Bg2 Bc5 {[%emt 0:00:27] A29: English Opening: Four Knights Variation with 4 g3.} 7. d3 O-O 8. Bd2 Nxc3 9. Bxc3 Qe7 10. Nd2 $146 ({Predecessor:} 10. O-O Bg4 11. Rc1 Bb6 12. Qa4 Bh5 13. Rfe1 f5 14. d4 e4 15. Ne5 Nxe5 16. dxe5 {½-½ Ahmed,M (2051)-Subrota,B (2248) Dhaka Sheikh Russel op 2021 (2)}) 10... Nd4 11. e3 Nb5 12. O-O Rd8 13. Qc2 Bf5 14. Ne4 Bb6 15. a4 Nxc3 16. bxc3 Ba5 17. d4 exd4 18. exd4 Bxe4 ({Don't go for} 18... Bxc3 $2 19. Qxc3 Qd7 (19... Bxe4 $2 {perishes.} 20. Rfe1 $18) 20. Nc5 Qxd4 21. Qxd4 Rxd4 22. Nxb7 $18 (22. Bxb7 Rad8 $18)) (18... c5 $11 19. dxc5 Rac8) 19. Bxe4 $14 Bxc3 20. Bxh7+ Kh8 21. Qxc3 Kxh7 22. Rfe1 Qd6 23. Re4 Re8 (23... Kg8 $11) 24. Rh4+ (24. Qe1 $16 Rxe4 25. Qxe4+ g6 26. Qxb7 Qxd4 27. Rc1) 24... Kg8 $14 25. Qf3 Rad8 26. Qxb7 (26. Qh5 {with more complications.} Qh6 27. Qf5 g6 28. Qxf7+ Kxf7 29. Rxh6 Kg7 30. Rh4) 26... Qb6 27. Qxb6 cxb6 28. Rf4 g6 29. h4 Kg7 30. Kg2 Rd5 31. Rc1 $1 Red8 32. Rc4 f5 33. Kf3 R8d7 34. g4 a6 35. Ke3 b5 36. Rc6 a5 37. gxf5 gxf5 38. axb5 Rxb5 39. Kd3 ({White should play} 39. Rc5 $16 Rd5 40. Rc4) 39... a4 $11 40. Ra6 Rb3+ $1 41. Ke2 Rb4 42. Rxf5 Rbxd4 43. f4 Rf7 44. Rxf7+ Kxf7 45. Kf3 Rd3+ $1 46. Kg4 a3 47. h5 Kg7 48. f5 Rb3 49. Kf4 Rh3 50. Ke5 Re3+ 51. Kf4 Rh3 52. Kg4 Rb3 53. f6+ Kf7 54. h6 Rb4+ 55. Kf5 Rb5+ 56. Ke4 Rh5 57. Rxa3 Rxh6 58. Ra6 Rxf6 59. Rxf6+ Kxf6 1/2-1/2

[Event "Prague Festival Masters 2024"]
[Site "Prague"]
[Date "2024.03.07"]
[Round "9.4"]
[White "Rapport, Richard"]
[Black "Abdusattorov, Nodirbek"]
[Result "1/2-1/2"]
[ECO "C01"]
[WhiteElo "2717"]
[BlackElo "2727"]
[Annotator "TA"]
[PlyCount "76"]
[EventDate "2024.02.22"]
[EventType "tourn"]
[EventCountry "CZE"]
[SourceTitle "playchess.com"]
[Source "ChessBase"]
[SourceQuality "1"]
[TimeControl "40/5400+30:1800+30"]

1. e4 e5 2. Nf3 Nf6 3. Nxe5 d6 4. Nf3 Nxe4 5. d3 Nf6 6. d4 d5 7. Bd3 Bd6 8. O-O O-O 9. h3 Re8 10. Bg5 c6 11. c4 dxc4 12. Bxc4 Be6 13. Bxe6 Rxe6 14. Nc3 Nbd7 15. d5 cxd5 16. Nd4 Re8 17. Nxd5 Re5 {[%emt 0:00:14] Dodges Nf5} 18. Nxf6+ Nxf6 19. Nf3 Re6 20. Qb3 Bc5 21. Rfe1 ({Reject} 21. Qxb7 Rb8 22. Bxf6 Qd6 $17) 21... Qb6 22. Qxb6 axb6 23. Rxe6 fxe6 24. a3 Ne4 25. Be3 Bxe3 26. fxe3 $11 {[%emt 0:00:31][%mdl 4096] Endgame. KRN-KRN} Kf7 27. Rc1 Nc5 28. b4 Ne4 {[%emt 0:01:12] The position is equal.} 29. Rc7+ Kf6 30. Rxb7 Rxa3 31. Rxb6 {[%emt 0:00:00] Strongly threatening Nd4.} Rxe3 32. b5 Rb3 33. Nd4 Rb1+ 34. Kh2 Ke5 35. Nxe6 (35. Rxe6+ Kxd4 36. Re7 g6 (36... Rxb5 37. Rxg7 h5 38. Rh7 $17) 37. Rxh7 Rxb5 38. Rd7+ Ke5 39. Re7+ Kf5 $19) 35... g5 $1 36. Ng7 Nd6 37. Rb8 Rxb5 38. Rxb5+ Nxb5 {[%emt 0:00:04] Weighted Error Value: White=0.02 (flawless) /Black=0.05 (flawless) .  Inaccurate:     	White=1     	---        OK:         	White=15    	Black=10     Best:        	---       	Black=3      Strong:       	---       	Black=1} 1/2-1/2

[Event "Prague Festival Masters 2024"]
[Site "Prague"]
[Date "2024.03.07"]
[Round "9.5"]
[White "Nguyen, Thai Dai Van"]
[Black "Vidit, Santosh Gujrathi"]
[Result "1/2-1/2"]
[ECO "B31"]
[WhiteElo "2632"]
[BlackElo "2742"]
[Annotator "TA"]
[PlyCount "61"]
[EventDate "2024.02.22"]
[EventType "tourn"]
[EventCountry "CZE"]
[SourceTitle "playchess.com"]
[Source "ChessBase"]
[SourceQuality "1"]
[TimeControl "40/5400+30:1800+30"]

1. e4 c5 2. Nf3 Nc6 3. Bb5 g6 4. O-O Bg7 5. c3 Nf6 6. Re1 O-O 7. h3 e5 8. d4 cxd4 9. cxd4 Nxd4 10. Nxd4 exd4 11. Qxd4 d6 {[%emt 0:10:19] The position is equal.} 12. Nc3 Be6 13. Qb4 d5 14. e5 {[%emt 0:07:33][%cal Oc1g5] [#] aiming for Bg5!} Nd7 15. Bf4 Rc8 16. Rad1 Nc5 (16... a6 $14 17. Bf1 Qb6) 17. Be3 b6 18. Qd4 {[%emt 0:01:03][%cal Of2f4] White is much more active.} Qc7 19. Bg5 Ne4 20. Nxe4 dxe4 21. Qxe4 h6 22. Bf6 Bxf6 23. exf6 Bxa2 $2 (23... Rfd8 $16) 24. Qe3 $18 Kh7 {[%emt 0:00:06] [#]} 25. Qa3 ({White has to play} 25. Bd7 $1 $18 Rcd8 26. Qe7) 25... Qc5 $14 26. Qxa2 (26. Qxa7 $2 {loses.} Bb3 27. Bf1 Bxd1 28. Rxd1 Kg8 $19) ({White should try} 26. Qa4 $1 $14 Bc4 27. Bxc4 Qxc4 28. Qxa7) 26... Qxb5 $11 27. Re7 Kg8 28. Rxa7 Qf5 29. Qb3 Qxf6 30. Rad7 Rfd8 {[%emt 0:03:21] Hoping for ...Rxd7.} 31. Rxd8+ {[%emt 0:00:34] Weighted Error Value: White=0.23 (precise) /Black=0.26 (precise) .  Loses game:     	---       	Black=1      Missed win:     	White=1     	---        Mistake:       	White=1     	Black=1      Inaccurate:     	White=2     	Black=3      OK:         	White=7     	Black=8      Best:        	White=1     	Black=2} (31. Qc3 $5 Qg5 32. g3 $14) 1/2-1/2